Map: Dusk Towers

Players

MajorPain - Winner!

  • Race: Terran Terran
  • League: Platinum

blackxored

  • Race: Zerg Zerg
  • League: Diamond

VOD

Have the link to the VOD?

Description

Time

  • Played on: July 1, 2016, 9:25 a.m.
  • Length: 33:57
Show
View Real Time Build Order
Export as new Build Order

MajorPain Terran - Winner!

Build Orders: Command Center First (CC), Bio Tank 

Get SALT Encoding   

  12  0:01  SCV  
  13  0:13  SCV  
  14  0:18  Supply Depot  
  14  0:27  SCV  
  15  0:40  SCV  
  16  0:52  SCV  
  17  1:02  Command Center  
  17  1:05  SCV  
  18  1:12  Refinery  
  18  1:17  SCV  
  19  1:24  Barracks  
  19  1:29  SCV  
  20  1:41  SCV  
  21  1:47  Barracks  
  21  1:53  SCV  
  22  1:58  Supply Depot  
  22  2:05  SCV  
  23  2:14  Marine  
  24  2:16  Orbital Command  
  24  2:27  Factory  
  24  2:33  Marine  
  24  2:37  Orbital Command  
  24  2:47  SCV  
  25  2:53  Refinery, Barracks Tech Lab  
  25  2:59  SCV  
  25  3:02  SCV  
  27  3:11  SCV  
  28  3:14  Starport, SCV  
  29  3:23  Refinery, SCV  
  29  3:24  Barracks Reactor  
  29  3:25  Refinery, Widow Mine  
  29  3:27  SCV  
  33  3:30  Marine  
  34  3:35  SCV  
  34  3:39  SCV  
  36  3:47  SCV  
  37  3:57  Supply Depot  
  37  4:00  Siege Tank  
  40  4:03  SCV x2  
  40  4:07  Barracks Reactor  
  42  4:10  Liberator  
  42  4:15  SCV  
  43  4:17  Supply Depot  
  43  4:22  Barracks Tech Lab, SCV  
  44  4:25  Command Center  
  44  4:28  Liberator, SCV  
  48  4:42  SCV  
  52  4:46  Marine, SCV  
  52  4:47  Marine  
  52  4:50  Combat Shields  
  52  4:52  Barracks  
  55  4:54  SCV  
  55  4:55  Marine  
  55  4:58  SCV  
  58  5:01  Siege Tank  
  58  5:04  Marine  
  62  5:11  Supply Depot  
  62  5:14  Engineering Bay  
  62  5:23  Supply Depot  
  62  5:25  Supply Depot  
  62  5:29  Marine x3, Medivac  
  62  5:30  SCV x2  
  62  5:34  Siege Tank  
  72  5:37  Medivac  
  72  5:42  SCV  
  75  5:45  SCV  
  76  5:54  SCV  
  77  5:57  SCV  
  75  6:06  Liberator x2  
  75  6:07  Marine x3, Marauder  
  80  6:16  SCV  
  81  6:21  Stimpack  
  81  6:25  Marine x2  
  89  6:29  Marauder  
  89  6:30  Marine  
  92  6:33  SCV  
  92  6:34  SCV, Orbital Command  
  94  6:42  Marine  
  94  6:43  Marine  
  94  6:44  Widow Mine  
  94  6:46  SCV x2  
  100  6:48  Marine  
  100  6:50  Marauder  
  103  6:58  SCV x2  
  105  7:02  SCV  
  105  7:06  Viking  
  108  7:08  Supply Depot  
  108  7:09  Terran Infantry Weapons Level 1  
  108  7:10  SCV  
  109  7:19  Liberator  
  109  7:20  Supply Depot  
  109  7:23  Supply Depot  
  109  7:28  Armory  
  109  7:29  Marine x3  
  64  7:30  Marauder, Medivac, Siege Tank, SCV x2  
  109  7:31  SCV  
  125  7:42  SCV  
  126  7:47  Marine x2  
  126  7:48  Marine  
  129  7:51  Marine  
  98  8:05  Marine x3  
  100  8:10  Marauder  
  103  8:13  Siege Tank  
  106  8:21  Command Center  
  106  8:23  Marine x3  
  109  8:30  Factory, Marine  
  109  8:32  Factory  
  109  8:33  SCV x3  
  113  8:35  Barracks x2  
  113  8:41  Marine x3  
  115  8:42  Engineering Bay  
  115  8:45  Siege Tank  
  115  8:48  Marine  
  113  8:58  Marine x2  
  113  8:59  Marine  
  115  9:06  Marine  
  113  9:16  Marine x2  
  115  9:17  Marine  
  105  9:24  Marauder  
  107  9:34  Marine x3, Siege Tank, Liberator  
  109  9:42  Factory Tech Lab, Factory Reactor  
  109  9:43  Barracks Reactor  
  109  9:44  Barracks Reactor  
  109  9:46  Refinery, Marauder  
  109  9:47  Refinery  
  109  9:51  Medivac  
  109  9:52  Marine x3  
  119  10:04  Liberator  
  119  10:06  Siege Tank  
  115  10:07  Marauder  
  115  10:10  Marine x3  
  117  10:19  Marine  
  117  10:20  Marine x2  
  116  10:26  Thor, Widow Mine  
  116  10:27  Marine x2, Widow Mine  
  116  10:28  Marine, SCV  
  121  10:29  SCV x2  
  121  10:33  Missile Turret x2  
  121  10:34  Medivac  
  125  10:38  Siege Tank, Planetary Fortress  
  125  10:39  Missile Turret  
  125  10:42  Missile Turret  
  125  10:45  Marine x5, Reaper  
  125  10:46  Marauder  
  130  10:55  Widow Mine  
  132  11:03  Marine x6  
  138  11:04  Viking  
  138  11:05  Command Center  
  138  11:08  Command Center, Refinery, Marauder  
  138  11:10  Refinery  
  142  11:11  Supply Depot  
  142  11:22  Marine x6  
  148  11:29  Marauder  
  148  11:31  Supply Depot, Missile Turret  
  150  11:33  Supply Depot, Marine, Missile Turret  
  150  11:37  Terran Infantry Weapons Level 2  
  150  11:38  Terran Infantry Armor Level 1  
  150  11:39  Marine, Terran Vehicle Weapons Level 1  
  152  11:51  Marine x2  
  154  11:58  Command Center  
  154  11:59  Marine x3  
  154  12:01  Widow Mine x3  
  157  12:02  Command Center  
  157  12:05  Command Center  
  163  12:10  Thor  
  169  12:19  Marine x5  
  169  12:20  Marine x2  
  176  12:28  Marine  
  176  12:29  Widow Mine  
  177  12:30  Widow Mine  
  177  12:31  Supply Depot  
  177  12:33  Supply Depot  
  180  12:53  Marine x3, Widow Mine, Hellbat  
  180  12:58  Widow Mine  
  180  13:09  Marine x2, Marauder  
  182  13:18  Marine x2  
  172  13:22  Marine x3, Widow Mine  
  172  13:23  Siege Tank, Thor  
  186  13:31  Marauder  
  162  13:49  Marine  
  162  13:50  Marine  
  162  13:52  Marine x2  
  162  13:53  Marine x2  
  162  13:54  Marine  
  136  13:55  Marine  
  136  14:01  Widow Mine x3  
  143  14:06  Widow Mine  
  143  14:07  Marine x2  
  147  14:10  Marine x2  
  149  14:27  Marine x2  
  149  14:28  Marine x4, Marauder  
  149  14:29  Widow Mine x3  
  149  14:30  Marine  
  164  14:33  Liberator  
  164  14:36  Terran Infantry Weapons Level 3, Terran Vehicle And Ship Armor Level 1  
  164  14:38  Terran Infantry Armor Level 2  
  164  14:45  Marine x2  
  165  14:46  Thor  
  165  14:50  Medivac, Marauder  
  179  14:56  Marine  
  179  14:59  Barracks  
  180  15:00  Refinery, Barracks  
  180  15:01  Barracks  
  180  15:02  Marine  
  180  15:06  Refinery  
  181  15:11  Marauder  
  177  15:15  Liberator  
  177  15:19  Marine  
  177  15:20  Viking, Marine  
  138  15:32  Marauder  
  138  15:33  Marine x2, Liberator, Widow Mine  
  138  15:34  Hellbat, Widow Mine, Thor  
  153  15:40  Marine  
  154  15:45  Marine x2  
  154  15:47  Marine  
  154  15:48  Marine  
  158  15:51  Marine x2  
  158  15:53  Marine  
  158  15:55  Widow Mine  
  164  15:58  Marine, Planetary Fortress  
  164  16:00  Planetary Fortress  
  164  16:02  Marine  
  164  16:03  Marine, Siege Tank  
  164  16:05  Marine  
  164  16:08  Marine  
  164  16:09  Marine x2  
  146  16:11  Marine  
  146  16:14  Widow Mine  
  146  16:15  Medivac  
  146  16:16  Marine  
  146  16:20  Marine x2  
  146  16:23  Marine  
  146  16:24  Refinery  
  149  16:26  Marine x2  
  149  16:27  Marine  
  149  16:29  Marine, Refinery, Widow Mine, Thor  
  161  16:32  Medivac  
  161  16:34  Marine  
  161  16:38  Marine x2  
  166  16:40  Widow Mine  
  166  16:41  Marine  
  166  16:42  SCV  
  166  16:44  Marine x2  
  172  16:47  Marauder, Orbital Command  
  172  16:49  Medivac  
  176  16:57  Marine x2  
  176  17:05  Marine x2  
  176  17:06  Marine  
  157  17:15  Marine x4  
  140  17:16  Marauder  
  140  17:20  Siege Tank, Widow Mine x2, Thor  
  152  17:25  Marine x2  
  152  17:29  Marine  
  155  17:31  SCV  
  155  17:32  SCV x3  
  155  17:33  Marine x2  
  163  17:37  Barracks Tech Lab x2, Marauder  
  163  17:38  Barracks Tech Lab x2  
  163  17:41  SCV  
  164  17:48  Marine x3, Widow Mine x2  
  164  17:50  Medivac x2  
  175  17:52  Thor  
  183  17:58  Marauder  
  183  18:03  Siege Tank  
  175  18:20  Medivac  
  169  18:27  Marine x2  
  169  18:33  Liberator  
  159  18:38  Marine x4, Marauder x2  
  159  18:39  Marauder x3  
  173  18:45  Marine x2  
  173  18:47  Medivac  
  168  18:55  Marine  
  168  18:56  Marine x3  
  168  18:58  Widow Mine x2  
  168  18:59  Siege Tank, Thor  
  168  19:00  Marauder x5  
  168  19:02  Command Center  
  195  19:03  Marine x2  
  197  19:13  Marine  
  197  19:14  Marine x2  
  191  19:17  Medivac  
  191  19:21  Marine x3, Marauder x3  
  190  19:26  Widow Mine  
  190  19:27  Widow Mine  
  190  19:28  Refinery  
  190  19:30  Marine  
  186  19:31  Marine x2, Siege Tank  
  186  19:32  Refinery  
  186  19:33  Viking  
  183  19:39  Marine x3  
  183  19:40  Marauder x2  
  183  19:42  Marine, Reaper x2, Widow Mine  
  189  19:48  Marine  
  189  19:49  Marine  
  191  19:55  Marine, Widow Mine  
  191  19:56  Widow Mine  
  191  19:57  Marine  
  197  20:00  Marauder  
  199  20:11  Thor  
  156  20:23  Widow Mine  
  156  20:25  Marine x2, Widow Mine  
  156  20:26  Marine x3  
  162  20:30  SCV  
  162  20:33  Marine  
  162  20:34  Marine x2, Marauder x3  
  162  20:35  Medivac x2  
  176  20:43  Marine x2  
  177  20:52  Marauder  
  177  20:53  Marine x3  
  177  20:54  Marine, Marauder  
  177  20:55  Marine  
  177  20:56  Marauder  
  183  21:01  Marine x2  
  182  21:05  Medivac x2  
  186  21:15  Marine x2, Command Center  
  186  21:16  Marine x4, Marauder x2  
  186  21:17  Marauder  
  198  21:19  Marauder  
  182  22:05  Marine  
  182  22:06  Marine x3  
  181  22:09  Marine x2  
  181  22:11  Marine x4  
  181  22:12  Marauder  
  189  22:23  Marine x2  
  189  22:24  Marine x2  
  189  22:27  Marine x2  
  189  22:29  Marine x2, Marauder x2  
  198  22:33  Marine, Planetary Fortress  
  186  22:41  Marine x4  
  182  22:45  Marine x2  
  182  22:47  Marine x2  
  182  22:50  Marine x3  
  189  22:54  Widow Mine x2  
  189  22:55  Thor  
  199  22:59  Marine  
  172  23:46  Marine x3  
  172  23:47  Marine x3, Marauder x4  
  172  23:48  Marauder, Widow Mine x2, Thor  
  176  23:49  Siege Tank  
  189  24:08  Marauder  
  183  24:10  Marine, Liberator x2  
  183  24:11  Marine x4, Marauder x4  
  183  24:15  Marine  
  173  24:28  Marine x2  
  173  24:29  Marine x2  
  173  24:30  Marauder  
  183  24:32  Marauder  
  183  24:33  Marauder x2  
  183  24:34  Starport  
  183  24:37  Starport x3  
  183  24:42  Starport  
  183  24:44  Refinery  
  183  24:47  Marine x4  
  183  24:51  Marine x2  
  183  24:52  Marauder x2, Liberator  
  193  24:53  Marine, Liberator  
  192  25:17  Planetary Fortress  
  192  25:21  Marine  
  192  25:22  Marine x3  
  192  25:26  Starport Tech Lab x5  
  188  25:35  Liberator  
  188  25:48  Marine x2  
  188  25:49  Command Center  
  190  25:51  Command Center  
  187  26:24  Banshee  
  187  26:25  Banshee x4  
  192  26:45  Marine x2  
  182  26:55  Marine x2  
  160  27:06  Marine  
  160  27:07  Marine, Banshee x2  
  141  27:08  Liberator  
  141  27:09  Marine x3  
  141  27:11  Banshee  
  141  27:12  Cloaking Field  
  139  27:22  Marine  
  139  27:23  Marine x5  
  139  27:25  Viking, Medivac  
  139  27:27  Command Center  
  139  27:29  Marine x3  
  151  27:30  Marine, Marauder  
  153  27:40  Marine  
  153  27:41  Command Center, Marauder x3  
  153  27:42  Command Center, Marauder  
  162  27:49  Marine x2  
  163  27:55  Marine x3  
  163  27:56  Marauder  
  168  28:02  Marauder  
  169  28:10  Marine  
  155  28:19  Marine  
  145  28:20  Marine x4, Marauder x3  
  145  28:21  Marauder  
  145  28:24  Marauder  
  157  28:27  Marine  
  146  28:37  Viking x3, Marine x2, Banshee x3  
  146  28:38  Marine x2  
  162  28:42  Marauder x2  
  163  28:52  Viking  
  162  28:55  Marine x2  
  162  28:56  Marine, Marauder  
  161  29:07  Banshee  
  150  29:10  Marine x2  
  150  29:11  Marine x2, Marauder x2  
  150  29:17  Marine x2, Marauder  
  146  29:18  Marine, Marauder  
  152  29:28  Marine x3  
  152  29:29  Marine  
  152  29:34  Viking, Banshee x2  
  145  29:52  Marine  
  145  29:53  Marine  
  145  29:54  Marauder x2  
  149  30:00  Terran Ship Weapons Level 1  
  149  30:13  Marine x5  
  154  30:18  Marine x3  
  157  30:26  Orbital Command  
  157  30:42  Marine  
  157  30:43  Marine x4, Reaper x3, Marauder  
  157  30:47  Medivac  
  169  30:58  Orbital Command  
  169  31:01  Marine x2  
  169  31:02  Marine x4  
  175  31:12  Marine x2  
  175  31:17  Marine x3  
  180  31:29  Marine x4  
  180  31:30  Marine  
  185  31:34  Marine  
  185  31:39  Marine x2  
  187  31:40  Marine x2  
  189  31:47  Orbital Command  
  189  31:59  Marine x3  
  189  32:00  Marine  
  193  32:03  Marine  
  194  32:10  Marine x3  
  152  32:43  Marine x3  
  139  32:59  Marine x2  
  139  33:00  Marine x6  
  147  33:08  Viking, Medivac, Banshee x2  
  142  33:26  Marine x2  
  138  33:33  Marine x4  
  138  33:34  Marine  
Show
View Real Time Build Order
Export as new Build Order

blackxored Zerg 

Build Orders: Hatch First 

Get SALT Encoding   

  12  0:01  Drone  
  13  0:13  Overlord  
  13  0:17  Drone  
  14  0:31  Extractor, Drone  
  15  0:39  Drone  
  16  0:49  Drone x2  
  18  0:57  Hatchery  
  18  1:00  Drone  
  18  1:13  Spawning Pool  
  18  1:14  Extractor  
  18  1:17  Drone  
  17  1:21  Drone  
  18  1:28  Drone  
  19  1:39  Overlord  
  19  1:50  Drone  
  20  2:00  Queen  
  22  2:01  Zergling x2  
  23  2:09  Zergling x2, Queen  
  23  2:12  Zergling x2  
  23  2:15  Metabolic Boost  
  27  2:22  Zergling x4  
  29  2:30  Drone  
  30  2:52  Pneumatized Carapace  
  30  2:54  Overlord, Hatchery  
  30  2:57  Drone  
  30  2:58  Drone  
  31  3:00  Drone  
  31  3:04  Drone  
  33  3:12  Queen  
  35  3:20  Overlord  
  35  3:22  Drone  
  35  3:24  Drone  
  35  3:27  Drone  
  38  3:29  Drone  
  38  3:32  Drone  
  40  3:34  Drone  
  41  3:51  Queen  
  41  3:52  Queen  
  45  4:03  Drone x4  
  45  4:04  Drone x2  
  45  4:08  Queen  
  53  4:11  Overlord  
  53  4:15  Zergling x2  
  53  4:16  Zergling x2  
  55  4:23  Zergling x6  
  58  4:24  Overlord  
  58  4:37  Queen  
  59  4:46  Zergling x12  
  59  4:47  Zergling x4  
  67  4:53  Overlord  
  67  5:02  Drone  
  67  5:03  Drone x5  
  67  5:04  Drone  
  74  5:11  Queen  
  74  5:12  Overlord x2  
  76  5:25  Drone  
  76  5:27  Baneling Nest, Drone x5  
  81  5:39  Drone x5  
  86  5:53  Spore Crawler  
  83  6:06  Hatchery  
  83  6:09  Spore Crawler  
  79  6:12  Drone  
  79  6:13  Spore Crawler  
  77  6:28  Zergling x6  
  77  6:29  Zergling x30  
  95  6:40  Drone x3  
  95  6:41  Extractor  
  95  6:42  Lair  
  95  6:45  Extractor, Drone  
  95  6:46  Extractor, Drone  
  97  6:51  Extractor, Drone  
  97  6:52  Overlord, Extractor, Drone  
  97  6:53  Overlord x2  
  97  7:00  Evolution Chamber  
  96  7:02  Evolution Chamber  
  96  7:07  Drone x3  
  98  7:08  Overlord  
  98  7:09  Overlord x3  
  98  7:12  Drone  
  98  7:13  Drone x2  
  101  7:16  Drone  
  101  7:18  Drone  
  101  7:20  Drone x2  
  101  7:22  Drone x2  
  107  7:24  Drone  
  107  7:25  Baneling  
  107  7:26  Baneling x19  
  107  7:29  Zerg Melee Weapons Level 1  
  108  7:35  Drone x5  
  108  7:36  Drone x5  
  118  7:46  Zergling x8  
  102  8:01  Zergling x2  
  102  8:02  Zergling x16  
  110  8:12  Drone  
  104  8:13  Spire  
  104  8:15  Zergling x8  
  104  8:16  Zergling x8  
  104  8:18  Baneling  
  104  8:19  Baneling x4  
  111  8:20  Baneling x4  
  111  8:25  Queen x2  
  111  8:26  Queen  
  117  8:38  Zergling x8  
  117  8:39  Zergling x14  
  117  8:40  Zergling x2  
  93  9:20  Zergling x32  
  93  9:36  Corruptor x4  
  99  9:41  Baneling x14  
  99  9:42  Corruptor x2, Baneling x6  
  99  9:43  Baneling x4  
  103  9:46  Zerg Melee Weapons Level 2  
  103  9:48  Zerg Ground Armor Level 1  
  103  9:52  Queen  
  105  9:55  Hatchery  
  100  10:06  Zergling x20  
  100  10:07  Zergling x2  
  93  10:24  Corruptor x4  
  93  10:25  Zergling x2  
  93  10:26  Zergling x2  
  93  10:27  Baneling x4  
  98  10:43  Zergling x10  
  98  10:44  Zergling x12  
  98  10:45  Zergling x2  
  98  10:49  Queen  
  112  10:55  Baneling  
  112  10:56  Baneling x12  
  112  10:57  Baneling  
  112  11:00  Zergling x4  
  114  11:05  Queen  
  114  11:07  Queen  
  114  11:08  Drone  
  114  11:10  Drone  
  119  11:21  Drone x2  
  119  11:22  Drone  
  119  11:23  Drone x2  
  119  11:24  Drone x5  
  129  11:41  Infestation Pit  
  129  11:42  Overseer  
  129  11:46  Drone  
  129  11:47  Extractor, Drone x2  
  130  11:48  Extractor  
  130  11:49  Drone x3  
  132  11:57  Hatchery  
  131  12:04  Zerg Ground Armor Level 2  
  131  12:07  Zergling x18  
  140  12:10  Baneling x2  
  140  12:11  Baneling x5  
  140  12:12  Baneling  
  140  12:22  Zergling x2  
  141  12:23  Zergling x16  
  149  12:35  Zergling x2  
  149  12:36  Zergling x20  
  159  12:43  Hive  
  159  12:48  Zergling x14  
  166  13:03  Zergling x8  
  159  13:22  Drone x11  
  159  13:23  Drone x2  
  171  13:36  Baneling x3  
  168  13:47  Extractor, Spine Crawler  
  168  13:48  Zergling x20  
  134  13:49  Zergling x16, Spore Crawler  
  134  13:50  Spine Crawler x2  
  134  13:51  Spine Crawler  
  130  13:57  Centrifical Hooks  
  130  13:58  Zergling x2  
  130  13:59  Zergling x12  
  137  14:10  Baneling x5  
  137  14:11  Baneling x4  
  137  14:12  Baneling x5  
  137  14:14  Zergling x12  
  137  14:15  Zergling x2  
  144  14:23  Ultralisk Cavern  
  143  14:26  Drone x3  
  143  14:27  Drone x2  
  143  14:29  Drone  
  143  14:31  Drone  
  150  14:32  Drone x4  
  150  14:33  Extractor  
  153  14:46  Zerg Melee Weapons Level 3, Adrenal Glands, Zerg Ground Armor Level 3  
  153  14:51  Overseer  
  153  14:52  Baneling  
  153  14:53  Baneling x11  
  153  15:04  Baneling x5  
  153  15:05  Baneling x5  
  134  15:24  Zergling x12  
  134  15:25  Zergling x38  
  145  15:33  Zergling x12  
  145  15:34  Zergling x4  
  149  15:41  Ultralisk  
  155  15:45  Chitinous Plating  
  151  15:51  Baneling x5  
  151  15:52  Baneling x5  
  148  16:03  Zergling x14  
  148  16:04  Zergling x2  
  138  16:15  Zergling x14  
  143  16:23  Ultralisk  
  149  16:38  Zergling x10  
  149  16:39  Zergling x8  
  155  16:48  Hatchery  
  155  16:49  Baneling x2  
  155  16:50  Baneling x2  
  154  16:57  Zergling x8  
  135  17:09  Zergling x16  
  138  17:19  Ultralisk  
  144  17:36  Hatchery  
  143  17:41  Baneling x4  
  143  17:49  Ultralisk  
  149  18:01  Overseer  
  147  18:07  Corruptor x3  
  133  18:22  Ultralisk  
  129  18:34  Ultralisk  
  129  18:36  Zergling x6  
  129  18:37  Zergling x2  
  129  18:41  Mutalisk  
  141  18:54  Ultralisk  
  148  18:55  Zergling x4  
  148  18:56  Zergling x2  
  147  19:13  Overseer  
  140  19:18  Zergling x28  
  145  19:33  Zergling x20  
  143  19:43  Ultralisk  
  149  19:47  Drone x3  
  152  20:00  Baneling x4  
  152  20:01  Baneling  
  152  20:02  Baneling  
  152  20:03  Baneling  
  126  20:15  Ultralisk  
  126  20:16  Zergling x4  
  131  20:28  Hatchery  
  129  20:33  Ultralisk  
  129  20:35  Queen  
  137  20:44  Zergling x10  
  137  20:45  Zergling x8  
  143  20:58  Overlord  
  142  21:14  Zergling x2  
  142  21:15  Zergling x6  
  146  21:23  Ultralisk  
  146  21:24  Ultralisk  
  147  21:27  Overlord  
  147  21:29  Overlord  
  147  21:32  Baneling x4  
  147  21:36  Overseer  
  147  21:48  Zergling x22  
  147  21:51  Ultralisk x3  
  168  22:01  Zergling x2  
  168  22:02  Zergling x32  
  143  22:10  Ultralisk  
  143  22:14  Baneling x10  
  143  22:15  Baneling x2  
  148  22:16  Baneling x2  
  102  22:39  Ultralisk x2  
  102  22:40  Ultralisk  
  119  22:56  Zergling x16  
  119  22:57  Zergling x4  
  129  23:07  Zergling x8  
  129  23:08  Zergling x4  
  132  23:21  Ultralisk  
  132  23:22  Baneling  
  132  23:23  Baneling x2  
  132  23:24  Baneling  
  138  23:27  Overseer  
  131  23:35  Ultralisk  
  131  23:38  Zergling x2  
  131  23:39  Zergling x6  
  135  23:48  Ultralisk  
  135  24:13  Hatchery  
  135  24:15  Ultralisk x2  
  144  24:28  Zergling x20  
  144  24:31  Overlord  
  154  24:48  Queen  
  147  25:07  Overseer  
  147  25:18  Zergling x2  
  147  25:19  Zergling x26  
  161  25:25  Drone  
  161  25:26  Drone x5  
  167  25:31  Overlord x2  
  167  25:34  Spire  
  166  25:42  Zergling x2  
  167  25:46  Overlord x2  
  167  25:50  Drone x7  
  167  25:51  Drone x2  
  167  25:52  Zergling x10  
  167  25:53  Zergling x4  
  183  26:04  Zergling x8  
  183  26:05  Zergling x10  
  188  26:12  Zergling x22  
  188  26:18  Baneling x9  
  197  26:21  Zergling x2  
  197  26:22  Zergling x6  
  191  26:46  Ultralisk x3  
  179  26:58  Zergling x12  
  179  26:59  Zergling x14  
  173  27:08  Zergling x6  
  173  27:09  Zergling x8  
  173  27:15  Lair  
  173  27:19  Baneling x8  
  173  27:20  Baneling x2  
  173  27:26  Ultralisk  
  178  27:34  Zergling x4  
  180  27:42  Spore Crawler  
  180  27:43  Corruptor x3, Spore Crawler  
  182  27:44  Spore Crawler  
  180  27:58  Queen x4  
  178  28:10  Zergling x2  
  178  28:11  Zergling x14  
  177  28:17  Corruptor  
  157  28:57  Corruptor x2  
  157  28:58  Corruptor x3  
  160  29:09  Corruptor x2  
  162  29:13  Hatchery  
  162  29:15  Overseer  
  162  29:16  Overseer  
  143  29:41  Spawning Pool  
  143  29:44  Corruptor  
  134  29:50  Hatchery  
  107  29:54  Corruptor  
  105  30:06  Corruptor x2  
  101  30:10  Overseer  
  101  30:19  Extractor  
  100  30:23  Extractor  
  100  30:24  Overseer x4  
  99  30:32  Spore Crawler  
  99  30:33  Spore Crawler  
  99  30:34  Spore Crawler  
  99  30:35  Drone x2  
  98  30:37  Drone  
  99  30:55  Queen  
  99  30:56  Queen  
  103  30:58  Queen  
  105  31:13  Extractor  
  105  31:15  Extractor, Zergling x16  
  106  31:55  Corruptor x2  
  106  31:56  Corruptor x4  
  94  32:10  Drone x3, Spore Crawler  
  64  32:36  Queen  
  32  33:17  Drone x3  
  32  33:23  Zergling x16  
  32  33:24  Zergling x2  
Tags
 
Add a new tag
Caveats
  • Supply blocks, unpowered buildings, or Contaminate may cause inaccurate times.
  • Supply counts are checked every 10 seconds.